 Dungeon Crawl Stone Soup version 0.28-a0-233-gb8ca4b6547 (webtiles) character file.

Game seed: 9282917818934405298

17 frimble the Charlatan (level 2, 0/23 HPs)
             Began as a Gnoll Wanderer on Aug 23, 2021.
             Succumbed to a goblin's poison
             ... on level 1 of the Dungeon.
             The game lasted 00:00:46 (167 turns).

frimble the Charlatan (Gnoll Wanderer)               Turns: 167, Time: 00:00:46

Health: 0/23       AC:  2    Str: 11    XL:     2   Next: 62%
Magic:  5/5        EV: 12    Int: 13    God:
Gold:   0          SH:  0    Dex:  9    Spells: 5/6 levels left

rFire   . . .      SeeInvis .   a - +0 falchion
rCold   . . .      Faith    .   (no shield)
rNeg    . . .      Spirit   .   b - +0 robe
rPois   .          Reflect  .   (no helmet)
rElec   .          Harm     .   (no cloak)
rCorr   .          Rampage  .   (no gloves)
Will    .....                   (no boots)
Stlth   +.........              (no amulet)
HPRegen 0.07/turn               (no ring)
MPRegen 0.09/turn               (no ring)

@: lethally poisoned (0 -> -6)
A: fangs 1, strong nose, distributed training
a: no special abilities


You were on level 1 of the Dungeon.
You visited 1 branch of the dungeon, and saw 1 of its levels.

Inventory:

Hand Weapons
 a - a +0 falchion (weapon)
Armour
 b - a +0 robe (worn)


   Skills:
 + Level 2.5 Fighting
 + Level 0.5 Short Blades
 + Level 2.5 Long Blades
 + Level 0.5 Axes
 + Level 0.5 Maces & Flails
 + Level 0.5 Polearms
 + Level 0.5 Staves
 + Level 0.5 Slings
 + Level 0.5 Bows
 + Level 0.5 Crossbows
 + Level 0.5 Throwing
 + Level 0.5 Armour
 + Level 2.5 Dodging
 + Level 0.5 Stealth
 + Level 0.5 Shields
 + Level 0.5 Unarmed Combat
 + Level 2.7 Spellcasting
 + Level 0.3 Conjurations
 + Level 0.3 Hexes
 + Level 0.3 Summonings
 + Level 0.3 Necromancy
 + Level 3.7 Translocations
 + Level 0.3 Transmutations
 + Level 0.3 Fire Magic
 + Level 3.7 Ice Magic
 + Level 0.3 Air Magic
 + Level 0.3 Earth Magic
 + Level 0.3 Poison Magic
 + Level 0.6 Invocations
 + Level 4.5 Evocations


You had 5 spell levels left.
You knew the following spells:

 Your Spells              Type           Power      Damage    Failure   Level
a - Apportation           Tloc           22%        N/A       5%          1

Your spell library contained the following spells:

 Spells                   Type           Power      Damage    Failure   Level
 Freeze                   Ice            44%        1d6       5%          1
 Frozen Ramparts          Ice            22%        1d4       16%         3
 Ozocubu's Armour         Ice            11%        N/A       16%         3
 Portal Projectile        Hex/Tloc       14%        N/A       30%         3
 Hailstorm                Conj/Ice       7%         3d4       71%         4


Dungeon Overview and Level Annotations

Branches:
Dungeon (1/15)

Altars:


Innate Abilities, Weirdness & Mutations

You have very sharp teeth.
Your uncanny sense of smell can sniff out nearby items.
Your experience applies equally to all skills.


Message History

You recover from your berserk rage.
A frilled lizard comes into view.
A frilled lizard is nearby!
A frilled lizard is nearby!
A frilled lizard is nearby!
The frilled lizard hisses angrily.
The frilled lizard barely misses you.
You riposte.
You closely miss the frilled lizard. Your bite misses the frilled lizard.
You miss the frilled lizard. The frilled lizard closely misses you.
You closely miss the frilled lizard. The frilled lizard bites you.
The frilled lizard misses you.
You miss the frilled lizard.
The frilled lizard bites you but does no damage.
You barely miss the frilled lizard. Your punch misses the frilled lizard.
The frilled lizard bites you.
You hit the frilled lizard.
You kill the frilled lizard!
The great orb of eyes turns its gaze towards you.
A goblin comes into view.
It is wielding a +0 club and quivering poisoned darts.
A goblin is nearby!
A goblin is nearby!
The goblin shouts!
The goblin throws a poisoned dart.
The poisoned dart hits you!
You are poisoned.
You feel sick.
The goblin throws a poisoned dart.
The poisoned dart closely misses you.
You feel sick.
The goblin throws a poisoned dart.
The poisoned dart hits you.
You are lethally poisoned!
You feel very sick.
* * * LOW HITPOINT WARNING * * *
You feel sick. The goblin hits you with a +0 club.
* * * LOW HITPOINT WARNING * * *
You barely miss the goblin.
* * * LOW HITPOINT WARNING * * *
You feel sick.
The shining eye turns its gaze towards you.
The goblin barely misses you.
You aren't carrying any potions.
You barely miss the goblin.
You die...

#.(...# ..###...#
#.....# ..#G#...#
#.....# #.###...#
#....†####........
#.......#......_?..
#######............
##.##.###...## ##
#...#g# ...#G
PP..P#...#@###...##
♣P.P.#...#.........
♣...P#.#.#.........
..P.♣#.#.##########
.P.PP#...#
PP.♣P#...#######
P♣P.P#..........∆
..PP.#(<..######
PP.♣P#....#


You could see a shining eye and a goblin.

Vanquished Creatures
  A ball python (D:1)
  A hobgoblin (D:1)
  10 jackals (D:1)
  A frilled lizard (D:1)
13 creatures vanquished.

Notes
Turn   | Place    | Note
-------+----------+-------------------------------------------
     0 | D:1      | frimble the Gnoll Wanderer began the quest for the Orb.
     0 | D:1      | frimble set off with the following items: a +0 falchion, a
                  | +0 robe; and the following spells available to memorise:
                  | Apportation, Freeze, Frozen Ramparts, Ozocubu's Armour,
                  | Portal Projectile, Hailstorm
     0 | D:1      | Reached XP level 1. HP: 17/17 MP: 4/4
     2 | D:1      | Learned a level 1 spell: Apportation
    21 | D:1      | Found a faded altar of an unknown god.
    22 | D:1      | Noticed a shining eye
    38 | D:1      | Reached XP level 2. HP: 13/23 MP: 5/5
    52 | D:1      | Noticed a great orb of eyes
   166 | D:1      | HP: 1/23 [poisoned by a goblin]
   167 | D:1      | Succumbed to a goblin's poison

Illustrated notes

Levels and vault maps discovered:
D:1:      minmay_arrival_arboretum_small, layout_basic,
          hellmonk_ecumenical_altar_watching_god, minmay_tetromino_o4

Action                   || total
-------------------------++-------
Melee: Falchion          ||    30
       Bite              ||     1
  Use: Potion            ||     1
Armor: Robe              ||     4
Dodge: Dodged            ||    20
       Rpst.: Falchion   ||     6

Table legend: (Time is in decaauts)
 A = Elapsed time spent in this place.
 B = Non-inter-level travel time spent in this place.
 C = Inter-level travel time spent in this place.
 D = Time resting spent in this place.
 E = Time spent auto-exploring this place.
 F = Levels seen in this place.
 G = Mean time per level.
                   A        B        C        D        E       F      G
               +--------+--------+--------+--------+--------+-----+--------+
         Total |    175 |    175 |      0 |     15 |     78 |   1 |  175.0 |
       Dungeon |    175 |    175 |      0 |     15 |     78 |   1 |  175.0 |
               +--------+--------+--------+--------+--------+-----+--------+

Top non-repeatable levels by time:
     D:1: 175 daAuts
